 Dungeon Crawl Stone Soup version 0.31.0-1-g2c135a008e (webtiles) character file.

Game seed: 10655913552501394582

39 GreatBamboolord the Trooper (level 3, -2/29 HPs)
             Began as a Demonspawn Monk on Jan 20, 2024.
             Slain by a gnoll
             ... wielding a +0 short sword
              (9 damage)
             ... on level 2 of the Dungeon.
             The game lasted 00:01:29 (850 turns).

GreatBamboolord the Trooper (Demonspawn Monk)        Turns: 850, Time: 00:01:30

Health: -2/29      AC:  2    Str: 13    XL:     3   Next: 28%
Magic:  3/3        EV: 13    Int: 10    God:
Gold:   39         SH:  0    Dex: 15    Spells: 2/2 levels left

rFire   . . .        a - +0 mace
rCold   . . .        d - orb {light}
rNeg    . . .        b - +0 robe
rPois   .            (no helmet)
rElec   .            f - scarf {+Inv}
rCorr   +            (no gloves)
SInv    .            (no boots)
Will    .....        (no amulet)
Stlth   +            g - ring of resist corrosion
HPRegen 0.24/turn    (no ring)
MPRegen 0.08/turn

%: no passive effects
@: glowing
A: ignite blood 1
a: Evoke Invisibility


You were on level 2 of the Dungeon.
You visited 1 branch of the dungeon, and saw 2 of its levels.

You collected 39 gold pieces.

Inventory:

Hand Weapons
 a - a +0 mace (weapon)
Armour
 b - a +0 robe (worn)
 d - an orb of light (worn)
 f - a scarf of invisibility (worn)
Jewellery
 g - a ring of resist corrosion (left hand)
Scrolls
 e - 2 scrolls of identify {unknown}
 h - a scroll of torment {unknown}
 i - a scroll of teleportation {unknown}
Potions
 c - a potion of ambrosia


   Skills:
 * Level 3.4 Fighting
 * Level 3.0 Maces & Flails
 + Level 0.7 Armour
 * Level 3.1 Dodging
 + Level 0.5 Stealth


You had 2 spell levels left.
You didn't know any spells.
Your spell library contained the following spells:

 Spells                   Type           Power      Damage    Failure   Level
 Summon Small Mammal      Summ           0%         N/A       36%         1
 Call Canine Familiar     Summ           0%         N/A       75%         3
 Summon Blazeheart Golem  Fire/Summ      0%         N/A       98%         4


Dungeon Overview and Level Annotations

Branches:
Dungeon (2/15)

Altars:


Innate Abilities, Weirdness & Mutations

Your demonic aura sometimes causes spilled blood to erupt in flames.


Message History

The gnoll barely misses you.
A gnoll comes into view. It is wielding a +0 club.
The gnoll attacks as it pursues you! The gnoll closely misses you.
You sock the gnoll!
The gnoll is almost dead.
The gnoll hits you with a +0 whip.
You barely miss the gnoll.
The gnoll is almost dead.
The gnoll hits you with a +0 whip!
You hit the gnoll.
You kill the gnoll!
g - a ring of resist corrosion (left hand)
You hit the kobold but do no damage. The kobold completely misses you.
The kobold hits you with a +0 short sword of electrocution.
You hit the kobold but do no damage. The kobold misses you.
You hit the kobold.
The kobold is moderately wounded.
The kobold misses you.
You closely miss the kobold.
The kobold is moderately wounded.
The kobold closely misses you.
The kobold hits you with a +0 short sword of electrocution.
You hit the kobold but do no damage.
The kobold is moderately wounded.
The kobold closely misses you.
You hit the kobold.
The kobold is heavily wounded.
The kobold closely misses you.
You hit the kobold but do no damage.
The kobold is heavily wounded.
The kobold misses you.
You hit the kobold but do no damage.
The kobold is heavily wounded.
The kobold hits you but does no damage.
You are electrocuted!
* * * LOW HITPOINT WARNING * * *
The kobold closely misses you. The kobold attacks as it pursues you!
The kobold misses you.
The gnoll shouts!
The gnoll hits you with a +0 short sword!
You die...

#....)....#.######g#.####.###
#.#######.#.# #.#.#......#
#.# #.#.# #g#.#......# #<#
#.#.# #.#........# #.#
####.#.######g#.######## #.#
#....#.##.....#.......# #.#
#.####.##.##..........# #+#
#.# #g##K......####..# #.#
#.@...........#..# #.#
#.#####....##.#..# #.#
##.............#..#
#.###..........#####..#
#........)............#
######.#.###.#.######.#
#.......#.######.#
###.###.#........# #.#
#.##########


You could see a gnoll and a kobold.

Vanquished Creatures
  A gnoll (D:2)
  7 endoplasms
  4 goblins (D:1)
  4 hobgoblins (D:1)
  A jackal (D:2)
  A quokka (D:1)
  4 bats (D:1)
  A kobold (D:2)
  3 rats
26 creatures vanquished.

Notes
Turn   | Place    | Note
-------+----------+-------------------------------------------
     0 | D:1      | GreatBamboolord the Demonspawn Monk began the quest for the
                  | Orb.
     0 | D:1      | Reached XP level 1. HP: 18/18 MP: 1/1
   189 | D:1      | Gained mutation: Your demonic aura sometimes causes spilled
                  | blood to erupt in flames. [demonic ancestry]
   189 | D:1      | Reached XP level 2. HP: 15/24 MP: 2/2
   696 | D:2      | Reached XP level 3. HP: 25/29 MP: 3/3
   850 | D:2      | Slain by a gnoll

Illustrated notes

Levels and vault maps discovered:
D:1:      lemuel_arrival_muddy, layout_basic
D:2:      layout_basic, ebering_ecumenical_altar_abandoned, minmay_hexomino_f4

Skill      XL: |  1  2 |
---------------+-------+-----
Maces & Flails | 3 |  3.0
Dodging        | 3 |  3.1
Fighting       | |  3.4
Armour         | |  0.7
Stealth        | |  0.5

Action                     || total
---------------------------++-------
  Melee: Mace              ||    69
 Armour: Robe              ||    26
  Dodge: Dodged            ||    52
